AoeStats
← Joaking

Arena

503909068Analyzed
4v4 RM · 29d ago on Sep 3, 2026· 75m 30s· 8 players
Game mode
Random Map
Map size
Large (8 player)
Population
200
Speed
Normal
Resources
Standard
Victory
Conquest
Starting age
Dark Age
Ending age
Imperial Age
RankedLock teamsTeams togetherTeam positionsShared explorationLock speedFull tech treeHidden civsTurbo modeCheats
Victory
Defeat
🇺🇸 Malay · United States
1014
+18
🇨🇱 Britons · Chile
1009
+18
🇺🇸 Burgundians · United States
974
+19
🇨🇱 Magyars · Chile
947
+21
🇦🇷 Malay · Argentina
1065
-20
🇦🇷 Khmer · Argentina
1060
-19
🇨🇱 Chinese · Chile
1052
-19
🇨🇱 Aztecs · Chile
1023
-18
Joaking
10:53 Feudal Age
17:21 Castle Age
17:04 Double-Bit Axe
26:16 Loom
28:09 Yeomen
29:08 Wheelbarrow
28:19 Town Watch
31:16 Imperial Age
29:02 Fletching
30:18 Bodkin Arrow
30:26 Padded Archer Armor
30:49 Ballistics
30:52 Hand Cart
31:26 Elite Longbowman
33:15 Chemistry
32:53 Bracer
33:58 Gold Mining
33:58 Stone Mining
34:21 Bow Saw
35:25 Leather Archer Armor
35:55 Warwolf
46:36 Onager
53:56 Caravan
54:27 Coinage
54:07 Guilds
60:24 Banking
guachalin
11:05 Feudal Age
15:01 Castle Age
14:53 Double-Bit Axe
14:52 Horse Collar
16:07 Stone Mining
16:40 Loom
25:13 Wheelbarrow
24:48 Fletching
27:05 Heavy Plow
27:32 Bow Saw
30:06 Hand Cart
30:02 Thumb Ring
35:06 Imperial Age
35:30 Scale Barding Armor
35:47 Gold Mining
37:05 Two-Man Saw
36:44 Crop Rotation
38:13 Parthian Tactics
38:38 Elite Magyar Huszar
39:44 Heavy Cavalry Archer
40:45 Cavalier
41:25 Husbandry
41:36 Bloodlines
44:25 Heavy Scorpion
44:33 Capped Ram
45:26 Heavy Scorpion
48:53 Recurve Bow
51:21 Ballistics
50:42 Treadmill Crane
52:14 Onager
66:18 Light Cavalry
66:52 Light Cavalry
71:32 Caravan
72:50 Hussar
74:59 Town Watch
75:38 Chain Barding Armor
75:14 Bodkin Arrow
quiet_squirrel22
8:22 Double-Bit Axe
10:15 Loom
12:00 Feudal Age
16:12 Castle Age
13:54 Horse Collar
16:03 Scale Barding Armor
17:32 Chain Barding Armor
19:33 Wheelbarrow
18:25 Cavalier
22:10 Forging
22:07 Husbandry
24:50 Bow Saw
24:43 Heavy Plow
25:22 Town Watch
31:59 Iron Casting
34:35 Imperial Age
32:25 Hand Cart
32:13 Town Patrol
33:21 Gold Mining
34:45 Burgundian Vineyards
34:42 Paladin
36:00 Plate Barding Armor
36:26 Blast Furnace
36:23 Crop Rotation
42:35 Conscription
52:16 Light Cavalry
54:35 Scale Mail Armor
55:53 Chain Mail Armor
56:28 Squires
56:13 Arson
57:04 Plate Mail Armor
57:45 Ballistics
58:26 Chemistry
57:36 Masonry
57:10 Flemish Revolution
63:21 Fletching
66:51 Two-Man Saw
71:48 Caravan
74:56 Murder Holes
75:31 Architecture
ChewedGizmo
10:20 Feudal Age
17:53 Castle Age
16:09 Arson
16:36 Forging
18:30 Iron Casting
19:17 Squires
34:01 Husbandry
34:10 Scale Barding Armor
48:03 Imperial Age
49:56 Blast Furnace
48:50 Elite Battle Elephant
53:28 Elite Karambit Warrior
65:30 Onager
70:17 Light Cavalry
73:51 Siege Engineers
74:47 Chemistry
74:08 Ballistics
S e n r i z
0:35 Loom
10:01 Feudal Age
16:04 Castle Age
14:11 Double-Bit Axe
15:10 Horse Collar
17:11 Bow Saw
17:05 Heavy Plow
22:51 Stone Mining
24:41 Stone Shaft Mining
27:23 Gold Mining
28:49 Fletching
34:19 Imperial Age
32:35 Bodkin Arrow
34:03 Ballistics
35:37 Gold Shaft Mining
35:10 Bracer
36:29 Squires
35:50 Pikeman
38:38 Block Printing
38:46 Forging
40:35 Two-Man Saw
40:18 Fortified Wall
40:15 Elite Skirmisher
41:00 Thumb Ring
41:25 Padded Archer Armor
46:57 Thumb Ring
69:36 Bloodlines
68:48 Light Cavalry
69:28 Husbandry
73:30 Iron Casting
66 | Mst
11:32 Feudal Age
13:13 Double-Bit Axe
15:50 Castle Age
15:10 Horse Collar
23:41 Loom
24:32 Wheelbarrow
29:15 Imperial Age
28:50 Gold Mining
28:50 Stone Mining
30:43 Hand Cart
29:56 Pikeman
30:06 Capped Ram
31:05 Scale Mail Armor
31:14 Halberdier
33:22 Bow Saw
33:53 Gold Shaft Mining
33:54 Forging
33:59 Chain Mail Armor
34:25 Double Crossbow
36:09 Chemistry
35:33 Ballistics
35:21 Siege Engineers
37:35 Iron Casting
37:36 Fortified Wall
37:04 Heavy Scorpion
38:20 Siege Ram
44:59 Conscription
68:27 Arson
66 | MARCEL
11:40 Feudal Age
11:55 Loom
14:55 Castle Age
13:04 Double-Bit Axe
16:58 Bow Saw
23:54 Forging
25:18 Wheelbarrow
26:45 Squires
27:53 Iron Casting
30:34 Hand Cart
30:27 Pikeman
31:31 Gold Mining
31:46 Elite Skirmisher
33:18 Horse Collar
36:15 Imperial Age
34:00 Man-at-Arms
34:52 Heavy Plow
36:11 Gold Shaft Mining
35:25 Town Watch
35:27 Long Swordsman
36:11 Forced Levy
37:42 Town Patrol
37:06 Two-Handed Swordsman
40:02 Elite Skirmisher
43:03 Crop Rotation
43:13 Fletching
43:24 Padded Archer Armor
44:17 Conscription
43:55 Bodkin Arrow
44:39 Halberdier
47:54 Ballistics
48:34 Chemistry
52:47 Bracer
53:06 Leather Archer Armor
56:30 Blast Furnace
56:08 Ring Archer Armor
Huntarof
9:48 Feudal Age
15:46 Castle Age
14:16 Double-Bit Axe
14:14 Horse Collar
18:07 Loom
19:49 Fervor
19:59 Sanctity
19:51 Gold Mining
26:36 Imperial Age
25:33 Wheelbarrow
25:27 Redemption
25:30 Elite Skirmisher
26:57 Fletching
26:56 Town Watch
27:04 Stone Mining
27:26 Bow Saw
27:38 Block Printing
29:13 Heavy Plow
29:11 Bodkin Arrow
30:28 Bracer
31:12 Conscription
31:39 Ballistics
32:57 Chemistry
34:30 Atlatl
35:00 Devotion
35:37 Padded Archer Armor
37:04 Theocracy
36:55 Illumination
40:27 Faith
40:27 Heresy
40:10 Atonement
40:07 Herbal Medicine
Connection lost

Rejoining the realm…

Still unreachable

The connection could not be restored.

Session expired

The server has moved on; the page needs a fresh start.